 Dungeon Crawl Stone Soup version 0.31-a0-885-gbe960a18b5 (webtiles) character file.

Game seed: 16766895596506793412

42 IndexError the Digger (level 3, 0/19 HPs)
             Began as a Gargoyle Earth Elementalist on Oct 16, 2023.
             Killed by divine providence
             ... invoked by an orc priest
              (14 damage)
             ... on level 2 of the Dungeon.
             The game lasted 00:01:37 (1233 turns).

IndexError the Digger (Gargoyle Earth Elementalist) Turns: 1233, Time: 00:01:37

Health: 0/19       AC:  5    Str: 15    XL:     3   Next: 54%
Magic:  6/7        EV: 11    Int: 23    God:
Gold:   52         SH:  0    Dex: 10    Spells: 6/7 levels left

rFire   x . .        d - +0 whip
rCold   + . .        (no shield)
rNeg    + . .        a - +0 robe
rPois   ∞            (no helmet)
rElec   +            (no cloak)
rCorr   .            (no gloves)
SInv    .            (no boots)
Will    .....        (no amulet)
Stlth   ++           i - ring of Vyecaeg {rF- rC+ Str+4 Int+6}
HPRegen 0.23/turn    (no ring)
MPRegen 0.10/turn

%: no passive effects
@: no status effects
A: sickness immunity, AC +3, negative energy resistance 1, electricity
resistance, torment resistance 1, petrification resistance
a: no special abilities


You were on level 2 of the Dungeon.
You visited 1 branch of the dungeon, and saw 2 of its levels.

You collected 52 gold pieces.

Inventory:

Hand Weapons
 d - a +0 whip (weapon)
   (You took it off a kobold on level 1 of the Dungeon)
Armour
 a - a +0 robe (worn)
Jewellery
 i - the ring of Vyecaeg (left hand) {rF- rC+ Str+4 Int+6}
   (You found it on level 2 of the Dungeon)

   [ring of intelligence]

   Str+4:     It affects your strength (+4).
   Int+6:     It affects your intelligence (+6).
   rF-:       It makes you vulnerable to fire.
   rC+:       It protects you from cold.
Scrolls
 c - a scroll of blinking {unknown}
 e - a scroll of vulnerability {unknown}
 f - a scroll of enchant weapon {unknown}
 g - 3 scrolls of identify {unknown}
 h - a scroll of butterflies {unknown}
Potions
 b - a potion of magic


   Skills:
 - Level 1.5 Dodging
 - Level 2.1 Stealth
 + Level 2.9 Spellcasting
 - Level 0.7 Transmutations
 + Level 4.6 Earth Magic


You had 6 spell levels left.
You knew the following spells:

 Your Spells              Type           Power      Damage    Failure   Level
a - Sandblast             Erth           48%        2d12      1%          1

Your spell library contained the following spells:

 Spells                   Type           Power      Damage    Failure   Level
 Passwall                 Tmut/Erth      12%        N/A       6%          2
 Stone Arrow              Conj/Erth      26%        3d8       14%         3
 Volatile Blastmotes      Fire/Tloc      6%         2d10      34%         3
 Petrify                  Tmut/Erth      15%        N/A       36%         4
 Brom's Barrelling Bould  Conj/Erth      13%        2d4       41%         4
 Fulminant Prism          Conj/Hex       1%         3d5       75%         4
 Iskenderun's Mystic Bla  Conj/Tloc      3%         2d3       75%         4


Dungeon Overview and Level Annotations

Branches:
Dungeon (2/15)

Altars:

Shops:
D:1 [


Innate Abilities, Weirdness & Mutations

You are immune to sickness and miasma.
Your stone body is resilient. (AC +3)
You are immune to poison.
You resist negative energy. (rN+)
You are resistant to electric shocks. (rElec)
You are resistant to unholy torment.
You are immune to petrification.


Message History

There is an open door here.
A rat comes into view.
A rat is nearby!
A rat is nearby!
The blast of sand hits the rat!
You now have 6/7 mp.
You can't see any susceptible monsters within range! (Use Z to cast anyway.)
A goblin comes into view. It is wielding a +0 club.
A goblin is nearby!
A goblin is nearby!
A hobgoblin comes into view.
You can't see any susceptible monsters within range! (Use Z to cast anyway.)
The hobgoblin shouts!
The blast of sand hits the goblin.
You now have 5/7 mp.
You miscast Sandblast.
You are very lightly contaminated with residual magic.
Nothing appears to happen.
You now have 4/7 mp.
The blast of sand hits the hobgoblin.
You now have 3/7 mp.
You can't see any susceptible monsters within range! (Use Z to cast anyway.)
Your magical contamination has completely faded away.
Magic restored.
Found a stone staircase leading down.
MP restored: 7
h - a scroll labelled YLOOLE FOSHROU A goblin comes into view.
It is wielding a +0 club.
A goblin is nearby!
You can't see any susceptible monsters within range! (Use Z to cast anyway.)
You can't see any susceptible monsters within range! (Use Z to cast anyway.)
You can't see any susceptible monsters within range! (Use Z to cast anyway.)
The blast of sand hits the goblin!
You now have 6/7 mp.
You can't see any susceptible monsters within range! (Use Z to cast anyway.)
You can't see any susceptible monsters within range! (Use Z to cast anyway.)
A quokka comes into view.
MP restored: 7 A quokka is nearby!
A quokka is nearby!
You miscast Sandblast.
You are very lightly contaminated with residual magic.
Nothing appears to happen.
You now have 6/7 mp.
The blast of sand hits the quokka.
You now have 5/7 mp.
The blast of sand misses the quokka.
The quokka misses you.
The quokka bites you but does no damage.
You now have 4/7 mp.
The blast of sand hits the quokka!
You now have 3/7 mp.
Your magical contamination has completely faded away.
An orc priest and 2 orcs come into view.
The orc priest is wielding a +1 short sword of flaming.
The orc shouts! x2; You hear a shout! x2
An orc comes into view. It is wielding a +0 club. x2
MP restored: 7
There are monsters nearby!
There are monsters nearby!
There are monsters nearby!
There are monsters nearby!
There are monsters nearby!
No reachable target in view!
No reachable target in view!
The orc priest shouts!
An orc comes into view. It is wielding a +0 whip.
An orc comes into view. It is wielding a +0 falchion.
A rat comes into view.
An endoplasm comes into view.
The blast of sand hits the endoplasm!
You now have 6/7 mp.
You can't see any susceptible monsters within range! (Use Z to cast anyway.)
The blast of sand hits the rat.
You now have 5/7 mp.
The blast of sand hits the rat!
You now have 4/7 mp.
You can't see any susceptible monsters within range! (Use Z to cast anyway.)
You see here a rat corpse.
i - the ring of Vyecaeg {rF- rC+ Str+4 Int+6} You feel clever.
You feel stronger.
i - the ring of Vyecaeg (left hand) {rF- rC+ Str+4 Int+6} You now have 52 gold pieces (gained 11).
Found a stone staircase leading down.
MP restored: 7 The orc throws a boomerang.
The boomerang closely misses you.
The orc shouts!
The orc hits you with a +0 whip.
You take 1 damage, and have 18/19 hp.
The orc shouts!
You hear a shout!
You hit the orc. The orc hits you with a +0 whip. The orc closely misses you.
You take 4 damage, and have 14/19 hp.
MASSIVE DAMAGE!!
Casting: Sandblast (safe; 1% risk of failure)
Confirm with . or Enter, or press ? or * to list all spells.
Aiming: Sandblast (safe; 1% risk of failure)
Press: ? - help, Shift-Dir - straight line, f - orc priest
Aim: an orc priest, wielding a +1 short sword of flaming (83% to hit)
The blast of sand hits the orc!
The orc misses you.
The orc priest calls down the wrath of Beogh upon you.
Beogh smites you!
Ouch! That really hurt!
You die...

....######### #..##..o..#
.##.... ....
..#####..#...oo..#.##....
..
.........#.#...#.#.##....
..
.........#..oo...#.#.....
.........# ... #.#.....
.........# ... #...##
.!.......# #...# #...##
........o#..g... #.....
........@)oo.o.. #.....
........###.....####.....
......... .............
........# ........##..
......... ...........
....... ......†...
##..... ......... #.....
#...).... #........


You could see an orc priest, 3 orcs and a goblin.

Vanquished Creatures
  An adder (D:2)
  2 worms (D:2)
  2 dart slugs (D:1)
  An orc (D:2)
  2 endoplasms
  3 hobgoblins
  2 kobolds (D:1)
  A quokka (D:2)
  2 ball pythons (D:1)
  A frilled lizard (D:1)
  3 goblins (D:2)
  4 rats
24 creatures vanquished.

Notes
Turn   | Place    | Note
-------+----------+-------------------------------------------
     0 | D:1      | IndexError the Gargoyle Earth Elementalist began the quest
                  | for the Orb.
     0 | D:1      | Reached XP level 1. HP: 10/10 MP: 3/3
   213 | D:1      | Reached skill level 4 in Earth Magic
   213 | D:1      | Reached XP level 2. HP: 15/15 MP: 1/5
   555 | D:1      | Found Jenoaxah's Armour Boutique.
   854 | D:2      | Reached XP level 3. HP: 19/19 MP: 0/7
  1172 | D:2      | Identified the ring of Vyecaeg {rF- rC+ Str+4 Int+6}
  1233 | D:2      | Killed from afar by an orc priest

Illustrated notes

Levels and vault maps discovered:
D:1:      dreamdust_arrival_sigmund_warning, layout_loops_ring, serial_shops,
          shop_statue
D:2:      cheibrodos_pilgrimage, layout_basic

Skill      XL: |  1 |
---------------+----+-----
Earth Magic    | 4 |  4.6
Dodging        | |  1.5
Stealth        | |  2.1
Spellcasting   | |  2.9
Transmutations | |  0.7

Action                     || total
---------------------------++-------
  Melee: Whip              ||     1
   Cast: Sandblast         ||    39
 Armour: Robe              ||     8
  Dodge: Dodged            ||    14

Table legend: (Time is in decaauts)
 A = Elapsed time spent in this place.
 B = Non-inter-level travel time spent in this place.
 C = Inter-level travel time spent in this place.
 D = Time resting spent in this place.
 E = Time spent auto-exploring this place.
 F = Levels seen in this place.
 G = Mean time per level.
                   A        B        C        D        E       F      G
               +--------+--------+--------+--------+--------+-----+--------+
         Total |   1252 |   1145 |    107 |      0 |    992 |   2 |  626.0 |
       Dungeon |   1252 |   1145 |    107 |      0 |    992 |   2 |  626.0 |
               +--------+--------+--------+--------+--------+-----+--------+

Top non-repeatable levels by time:
     D:1: 992 daAuts
     D:2: 260 daAuts

Levels and vault maps discovered:
D:1:      dreamdust_arrival_sigmund_warning, layout_loops_ring, serial_shops,
          shop_statue
D:2:      cheibrodos_pilgrimage, layout_basic

Table legend: (Time is in decaauts)
 A = Elapsed time spent in this place.
 B = Non-inter-level travel time spent in this place.
 C = Inter-level travel time spent in this place.
 D = Time resting spent in this place.
 E = Time spent auto-exploring this place.
 F = Levels seen in this place.
 G = Mean time per level.
                   A        B        C        D        E       F      G
               +--------+--------+--------+--------+--------+-----+--------+
         Total |   1252 |   1145 |    107 |      0 |    992 |   2 |  626.0 |
       Dungeon |   1252 |   1145 |    107 |      0 |    992 |   2 |  626.0 |
               +--------+--------+--------+--------+--------+-----+--------+

Top non-repeatable levels by time:
     D:1: 992 daAuts
     D:2: 260 daAuts

Table legend:
 A = Kills in this place as a percentage of kills in the entire game.
 B = Kills by you in this place as a percentage of kills by you in the entire game.
 C = Kills by friends in this place as a percentage of kills by friends in the entire game.
 D = Other kills in this place as a percentage of other kills in the entire game.
 E = Experience gained in this place as a percentage of experience gained in the entire game.
 F = Experience gained in this place divided by the number of levels of this place that you have seen.
                   A       B       C       D       E      F
               +-------+-------+-------+-------+-------+----------------------
         Total | 100.0 | 100.0 |   N/A |   N/A | 100.0 |  31.5
       Dungeon | 100.0 | 100.0 |   N/A |   N/A | 100.0 |  31.5
               +-------+-------+-------+-------+-------+----------------------
